cohdb
Replays
Latest Replays
All Replays
Popular Replays
Top Player Replays
Match Explorer
How It Works
Community
CoH3 Stats
Reddit
Sign in to upload your games and track your stats! →
Sign in with Steam
Match 42459133
Unlisted
Match 42459133
Overview
Messages
Build Orders
End
Construct Infanterie Kompanie
Kettenkrad Recon Vehicle
Selects Terror Battlegroup
Selects Machine Gun Camouflage
MG 42 Machine Gun Team
MG 42 Machine Gun Team
Grenadier Squad
Grenadier Squad
Construct Panzergrenadier Kompanie
Selects Interrogate
251 Medium Carrier
Infanterie Officer Quarters
Pioneer Squad
Panzergrenadier Squad
Support Elements
StuG III G Assault Gun
251 Medium Carrier
Selects Jericho Trumpet
Penazh
sergio
ManFrau
Yoddha
Tawny Owl
晓狐
0
0
Comments
sign in to comment!
No comments posted yet!